SL
NEW AMSTERDAM REPUBLICS @ RICHARDSON CITY THUNDERCATS
08/08/2020
 
TOP OF THE 1ST
New Amsterdam Republics batting - Pitching for Richardson City Thundercats : RHP Kenshin Koike
Pitching: RHP Kenshin Koike
Batting: RHB Carlos Ortega 0-0: Bunt for hit - play at first, batter OUT! 1-3
Batting: RHB Hank Wilder 0-0: Ball
1-0: Foul Ball, location: 2F
1-1: Swinging Strike
1-2: Ball
2-2: Reached on error, E5 (Groundball, 56)
Batting: RHB Júlio Maldonado 0-0: Ball
1-0: Ball
2-0: Called Strike
2-1: Called Strike
2-2: Strikes out swinging
Batting: LHB Steve Ingram 0-0: Called Strike
0-1: Foul Ball, location: 2F
0-2: Fielders Choice at 2nd, U6 (Groundball, 6M)
Top of the 1st over - 0 run(s), 0 hit(s), 1 error(s), 1 left on base; New Amsterdam 0 - Richardson City 0
BOTTOM OF THE 1ST
Richardson City Thundercats batting - Pitching for New Amsterdam Republics : RHP Bobby Swain
Pitching: RHP Bobby Swain
Batting: SHB Leonard O'Connor 0-0: SINGLE (Flyball, 8LS) - OUT at second base trying to stretch hit.
Batting: RHB Steve Dunn 0-0: Ball
1-0: Ground out 6-3 (Groundball, 6)
Batting: RHB Ray Porch 0-0: Ball
1-0: Swinging Strike
1-1: Swinging Strike
1-2: Ground out 5-3 (Groundball, 56)
Bottom of the 1st over - 0 run(s), 1 hit(s), 0 error(s), 0 left on base; New Amsterdam 0 - Richardson City 0
TOP OF THE 2ND
New Amsterdam Republics batting - Pitching for Richardson City Thundercats : RHP Kenshin Koike
Batting: RHB Takeru Sanu 0-0: Ball
1-0: Ball
2-0: Called Strike
2-1: Ball
3-1: Called Strike
3-2: SINGLE (Groundball, 6MD)
Batting: LHB Ken Norman 0-0: Called Strike
0-1: Ball
1-1: Grounds into double play, U4-3 (Groundball, 4)
Batting: RHB Tim Robinson 0-0: Ball
1-0: Foul Ball, location: 2F
1-1: Foul Ball, location: 2F
1-2: Foul Ball, location: 2F
1-2: Ground out 4-3 (Groundball, 4)
Top of the 2nd over - 0 run(s), 1 hit(s), 0 error(s), 0 left on base; New Amsterdam 0 - Richardson City 0
BOTTOM OF THE 2ND
Richardson City Thundercats batting - Pitching for New Amsterdam Republics : RHP Bobby Swain
Batting: RHB Joey Jones 0-0: Called Strike
0-1: Fly out, F9 (Flyball, 9M)
Batting: LHB Jack Schmitt 0-0: Foul Ball, location: 2F
0-1: SINGLE (Groundball, 4MD)
Batting: LHB Jerry Wilson 0-0: Called Strike
0-1: SINGLE (Groundball, 4MD)
Jack Schmitt to second
Batting: RHB Ron Ward 0-0: Called Strike
0-1: Ball
1-1: Ball
2-1: Fly out, F8 (Flyball, 8LXD)
Runner from 2nd tags up, SAFE at 3rd, no throw
Batting: RHB Kenshin Koike 0-0: Ball
1-0: SINGLE (Line Drive, 9S)
Jack Schmitt scores
Jerry Wilson to second
Batting: RHB Spencer Curry 0-0: Ball
1-0: Called Strike
1-1: Ball
2-1: Ball
3-1: Foul Ball, location: 2F
3-2: Foul Ball, location: 2F
3-2: DOUBLE (Line Drive, 7LS)
Jerry Wilson scores
Kenshin Koike to third
Kenshin Koike scores
Batting: SHB Leonard O'Connor 0-0: Called Strike
0-1: Fly out, F8 (Flyball, 8RXD)
Bottom of the 2nd over - 3 run(s), 4 hit(s), 0 error(s), 1 left on base; New Amsterdam 0 - Richardson City 3
TOP OF THE 3RD
New Amsterdam Republics batting - Pitching for Richardson City Thundercats : RHP Kenshin Koike
Batting: RHB Noel Livingston 0-0: Ball
1-0: Foul Ball, location: 2F
1-1: Fly out, F7 (Flyball, 78D)
Batting: RHB Bobby Swain 0-0: Called Strike
0-1: SINGLE (Groundball, 2L) (infield hit)
Batting: RHB Carlos Ortega 0-0: SINGLE (Flyball, 89S)
Bobby Swain to second
Batting: RHB Hank Wilder 0-0: Ball
1-0: Called Strike
1-1: Called Strike
1-2: Reached on error, E6 (Groundball, 6)
Bobby Swain to third
Carlos Ortega to second
Batting: RHB Júlio Maldonado 0-0: Called Strike
0-1: Called Strike
0-2: Strikes out looking
Batting: LHB Steve Ingram 0-0: Ball
1-0: Called Strike
1-1: Called Strike
1-2: Ball
2-2: Fly out, F8 (Flyball, 8LD)
Top of the 3rd over - 0 run(s), 2 hit(s), 1 error(s), 3 left on base; New Amsterdam 0 - Richardson City 3
BOTTOM OF THE 3RD
Richardson City Thundercats batting - Pitching for New Amsterdam Republics : RHP Bobby Swain
Batting: RHB Steve Dunn 0-0: Foul Ball, location: 2F
0-1: TRIPLE (Flyball, 89M)
Batting: RHB Ray Porch 0-0: Called Strike
0-1: Foul Ball, location: 2F
0-2: Foul Ball, location: 2F
0-2: Ball
1-2: Ball
2-2: Foul Ball, location: 2F
2-2: Foul Ball, location: 2F
2-2: Fly out, F8 (Popup, 8RS)
Batting: RHB Joey Jones 0-0: Ball
1-0: Fly out, F8 (Flyball, 8RM)
Runner from 3rd tags up, SCORES, throw made
Batting: LHB Jack Schmitt 0-0: Called Strike
0-1: Ball
1-1: Ball
2-1: Called Strike
2-2: Hit by Pitch
Batting: LHB Jerry Wilson 0-0: Called Strike
0-1: Fielders Choice at 2nd, U4 (Groundball, 4M)
Bottom of the 3rd over - 1 run(s), 1 hit(s), 0 error(s), 1 left on base; New Amsterdam 0 - Richardson City 4
TOP OF THE 4TH
New Amsterdam Republics batting - Pitching for Richardson City Thundercats : RHP Kenshin Koike
Batting: RHB Takeru Sanu 0-0: Fly out, F3 (Popup, 3F)
Batting: LHB Ken Norman 0-0: Called Strike
0-1: SINGLE (Groundball, 5D)
Batting: RHB Tim Robinson 0-0: Called Strike
0-1: Called Strike
0-2: Foul Ball, location: 2F
0-2: Ball
1-2: Ball
2-2: Foul Ball, location: 2F
2-2: Ball
3-2: Fly out, F6 (Popup, 6MS)
Batting: RHB Noel Livingston 0-0: Called Strike
0-1: Foul Ball, location: 2F
0-2: Foul Ball, location: 2F
0-2: Ball
1-2: SINGLE (Line Drive, 9LM)
Ken Norman to second
Pitching: RHP Eduardo Díaz
Batting: RHB Bobby Swain 0-0: Fielders Choice at 2nd, U4 (Groundball, 4M)
Top of the 4th over - 0 run(s), 2 hit(s), 0 error(s), 2 left on base; New Amsterdam 0 - Richardson City 4
BOTTOM OF THE 4TH
Richardson City Thundercats batting - Pitching for New Amsterdam Republics : RHP Bobby Swain
Batting: RHB Ron Ward 0-0: Ball
1-0: Reached on error, E6 (Groundball, 6)
Batting: RHB Eduardo Díaz 0-0: Bunted foul
0-1: Bunted foul
0-2: Sac Bunt - play at first, batter OUT! 2-4
Ron Ward to third
Batting: RHB Spencer Curry 0-0: Fly out, F3 (Popup, 3F)
Batting: SHB Leonard O'Connor 0-0: Called Strike
0-1: Foul Ball, location: 2F
0-2: Foul Ball, location: 2F
0-2: Strikes out swinging
Bottom of the 4th over - 0 run(s), 0 hit(s), 1 error(s), 1 left on base; New Amsterdam 0 - Richardson City 4
TOP OF THE 5TH
New Amsterdam Republics batting - Pitching for Richardson City Thundercats : RHP Eduardo Díaz
Batting: RHB Carlos Ortega 0-0: Ball
1-0: Fly out, F9 (Flyball, 9D)
Batting: RHB Hank Wilder 0-0: Ball
1-0: Ball
2-0: Ball
3-0: Called Strike
3-1: SOLO HOME RUN (Flyball, 7LD), Distance : 362 ft
Batting: RHB Júlio Maldonado 0-0: Swinging Strike
0-1: Swinging Strike
0-2: Ball
1-2: Strikes out swinging
Batting: LHB Steve Ingram 0-0: Called Strike
0-1: Swinging Strike
0-2: Strikes out looking
Top of the 5th over - 1 run(s), 1 hit(s), 0 error(s), 0 left on base; New Amsterdam 1 - Richardson City 4
BOTTOM OF THE 5TH
Richardson City Thundercats batting - Pitching for New Amsterdam Republics : RHP Bobby Swain
Batting: RHB Steve Dunn 0-0: Fly out, F9 (Flyball, 9LDF)
Batting: RHB Ray Porch 0-0: Ball
1-0: Ball
2-0: Called Strike
2-1: Ball
3-1: Fly out, F3 (Popup, 3F)
Batting: RHB Joey Jones 0-0: Ball
1-0: Ball
2-0: Called Strike
2-1: Ball
3-1: Foul Ball, location: 2F
3-2: SINGLE (Line Drive, 6M)
Batting: LHB Jack Schmitt 0-0: Fly out, F8 (Flyball, 8LS)
Bottom of the 5th over - 0 run(s), 1 hit(s), 0 error(s), 1 left on base; New Amsterdam 1 - Richardson City 4
TOP OF THE 6TH
New Amsterdam Republics batting - Pitching for Richardson City Thundercats : RHP Eduardo Díaz
Batting: RHB Takeru Sanu 0-0: Ball
1-0: Fly out, F8 (Flyball, 8LD)
Batting: LHB Ken Norman 0-0: Swinging Strike
0-1: Swinging Strike
0-2: Ball
1-2: Ball
2-2: Strikes out swinging
Batting: RHB Tim Robinson 0-0: Ball
1-0: Called Strike
1-1: Ball
2-1: Swinging Strike
2-2: Strikes out looking
Top of the 6th over - 0 run(s), 0 hit(s), 0 error(s), 0 left on base; New Amsterdam 1 - Richardson City 4
BOTTOM OF THE 6TH
Richardson City Thundercats batting - Pitching for New Amsterdam Republics : RHP Bobby Swain
Batting: LHB Jerry Wilson 0-0: Called Strike
0-1: Ball
1-1: Called Strike
1-2: Ball
2-2: SINGLE (Groundball, 6MD)
Batting: RHB Ron Ward 0-0: Ball
1-0: Swinging Strike
1-1: Swinging Strike
1-2: Foul Ball, location: 2F
1-2: Strikes out looking
Pinch Hitting: RHB Jorge Gómez 0-0: Foul Ball, location: 2F
0-1: Ball
1-1: Ball
2-1: Called Strike
2-2: Grounds into double play, 6-4-3 (Groundball, 6)
Bottom of the 6th over - 0 run(s), 1 hit(s), 0 error(s), 0 left on base; New Amsterdam 1 - Richardson City 4
TOP OF THE 7TH
New Amsterdam Republics batting - Pitching for Richardson City Thundercats : RHP Eduardo Díaz
Pitching: RHP Denny Marshall
Batting: RHB Noel Livingston 0-0: Called Strike
0-1: Ball
1-1: Ball
2-1: Fly out, F5 (Line Drive, 56)
Pinch Hitting: LHB Emílio Barbán 0-0: Swinging Strike
0-1: Swinging Strike
0-2: Strikes out swinging
Batting: RHB Carlos Ortega 0-0: Ball
1-0: Ball
2-0: Called Strike
2-1: Foul Ball, location: 2F
2-2: Foul Ball, location: 2F
2-2: Ball
3-2: Foul Ball, location: 2F
3-2: Foul Ball, location: 2F
3-2: Foul Ball, location: 2F
3-2: Foul Ball, location: 2F
3-2: Fly out, F3 (Line Drive, 3F)
Top of the 7th over - 0 run(s), 0 hit(s), 0 error(s), 0 left on base; New Amsterdam 1 - Richardson City 4
BOTTOM OF THE 7TH
Richardson City Thundercats batting - Pitching for New Amsterdam Republics : RHP Bobby Swain
Pitching: RHP Decheng Sun
Batting: RHB Spencer Curry 0-0: Foul Ball, location: 2F
0-1: Called Strike
0-2: Ball
1-2: Strikes out looking
Batting: SHB Leonard O'Connor 0-0: Swinging Strike
0-1: Ball
1-1: Ground out 3-1 (Groundball, 34)
Batting: RHB Steve Dunn 0-0: Ball
1-0: Swinging Strike
1-1: Ball
2-1: DOUBLE (Flyball, 8RXD)
Batting: RHB Ray Porch 0-0: Called Strike
0-1: Swinging Strike
0-2: Ball
1-2: 2-RUN HOME RUN (Flyball, 9LD), Distance : 335 ft
Batting: RHB Joey Jones 0-0: Ball
1-0: Foul Ball, location: 2F
1-1: Ball
2-1: Ball
3-1: Ground out 4-3 (Groundball, 4M)
Bottom of the 7th over - 2 run(s), 2 hit(s), 0 error(s), 0 left on base; New Amsterdam 1 - Richardson City 6
TOP OF THE 8TH
New Amsterdam Republics batting - Pitching for Richardson City Thundercats : RHP Denny Marshall
Batting: RHB Hank Wilder 0-0: Foul Ball, location: 2F
0-1: Foul Ball, location: 2F
0-2: Foul Ball, location: 2F
0-2: Ball
1-2: Ball
2-2: Ball
3-2: Strikes out swinging
Batting: RHB Júlio Maldonado 0-0: Ball
1-0: Fly out, F7 (Flyball, 78S)
Batting: LHB Steve Ingram 0-0: Called Strike
0-1: Swinging Strike
0-2: Strikes out swinging
Top of the 8th over - 0 run(s), 0 hit(s), 0 error(s), 0 left on base; New Amsterdam 1 - Richardson City 6
BOTTOM OF THE 8TH
Richardson City Thundercats batting - Pitching for New Amsterdam Republics : RHP Decheng Sun
Batting: LHB Jack Schmitt 0-0: Ball
1-0: Ball
2-0: Ground out 6-3 (Groundball, 6M)
Batting: LHB Jerry Wilson 0-0: Ball
1-0: Ball
2-0: Called Strike
2-1: Foul Ball, location: 2F
2-2: Foul Ball, location: 2F
2-2: Ground out U3 (Groundball, 3S)
Batting: RHB Ron Ward 0-0: Ball
1-0: Fly out, F7 (Flyball, 7M)
Bottom of the 8th over - 0 run(s), 0 hit(s), 0 error(s), 0 left on base; New Amsterdam 1 - Richardson City 6
TOP OF THE 9TH
New Amsterdam Republics batting - Pitching for Richardson City Thundercats : RHP Denny Marshall
Batting: RHB Takeru Sanu 0-0: Called Strike
0-1: Ball
1-1: Foul Ball, location: 2F
1-2: Ball
2-2: Ball
3-2: Strikes out looking
Batting: LHB Ken Norman 0-0: Called Strike
0-1: Foul Ball, location: 2F
0-2: Ball
1-2: Strikes out swinging
Pitching: RHP John Watson
Batting: RHB Tim Robinson 0-0: Called Strike
0-1: Ball
1-1: Called Strike
1-2: Foul Ball, location: 2F
1-2: Foul Ball, location: 2F
1-2: Ground out 5-3 (Groundball, 5S)
Top of the 9th over - 0 run(s), 0 hit(s), 0 error(s), 0 left on base; New Amsterdam 1 - Richardson City 6
This league is powered by Out of the Park Baseball, the baseball management simulation game for PC, Mac and Linux
Friday, October 23rd, 2015 - OOTP Baseball 16.9 Build 39